 Dungeon Crawl Stone Soup version 0.18-a0-1500-ge21c63c (webtiles) character file.

1328 Wallaby3 the Covert (level 8, -3/46 HPs)
             Began as a Halfling Enchanter on Mar 4, 2016.
             Shot with an arrow by a centaur (5 damage)
             ... on level 5 of the Dungeon.
             The game lasted 00:23:19 (5572 turns).

Wallaby3 the Covert (Halfling Enchanter)            Turns: 5572, Time: 00:23:19

Health: -3/46      AC:  4    Str:  8    XL:     8   Next: 91%
Magic:  13/19      EV: 15    Int: 16    God:
Gold:   166        SH:  0    Dex: 15    Spells: 4 memorised, 1 level left

rFire  . . .     SeeInvis .     l - +2 short sword (speed)
rCold  . . .     Gourm    .     u - +2 robe {Archmagi}
rNeg   . . .     Faith    .     (shield restricted)
rPois  .         Spirit   .     (no helmet)
rElec  .         Dismiss  .     (no cloak)
rCorr  .         Reflect  .     (no gloves)
SustAt .         Harm     .     (no boots)
MR     .....                    (no amulet)
Stlth  +++++.....               (no ring)
                                q - ring of magical power

@: not resistant to hostile enchantments, quite stealthy
A: mutation resistance 1
a: no special abilities


You were on level 5 of the Dungeon.
You were not hungry.

You visited 1 branch of the dungeon, and saw 5 of its levels.

You collected 166 gold pieces.

Inventory:

Hand Weapons
 l - a +2 short sword of speed (weapon)
Missiles
 a - 7 silver tomahawks (quivered)
Armour
 u - a +2 robe of the Archmagi (worn)
 v - a +0 buckler
Magical Staves
 b - an uncursed staff of earth
Jewellery
 q - a ring of magical power (left hand)
Wands
 n - a wand of slowing (19/48)
 w - a wand of disintegration (13/24)
 y - a wand of flame (38/48)
Scrolls
 e - a scroll of fog
 f - 2 scrolls of fear
 g - 2 scrolls of identify
 h - 3 scrolls of remove curse
 s - 3 scrolls of teleportation {unknown}
 t - 2 scrolls of random uselessness {unknown}
Potions
 i - 3 potions of might {unknown}
 k - 3 potions of curing {unknown}
 m - a potion of heal wounds {unknown}
 o - a potion of lignification {unknown}
 p - 2 potions of cancellation {unknown}
 x - 2 potions of invisibility {unknown}
 z - a potion of haste {unknown}
 A - a potion of ambrosia {unknown}
Books
 c - a book of Maledictions

   Spells                             Type                      Level
   a - Corona                         Hexes                        1
   b - Ensorcelled Hibernation        Hexes/Ice                    2
   c - Confuse                        Hexes                        3
   d - Tukima's Dance                 Hexes                        3
   e - Dazzling Spray                 Conjuration/Hexes            3
 r - a book of Unlife

   Spells                             Type                      Level
   a - Recall                         Summoning/Translocation      3
   b - Animate Dead                   Necromancy                   4
   c - Control Undead                 Necromancy                   4
   d - Cigotuvi's Embrace             Necromancy                   5
   e - Death Channel                  Necromancy                   6
   f - Simulacrum                     Ice/Necromancy               6
Comestibles
 d - 2 bread rations
 j - a meat ration
 B - 6 chunks of flesh


   Skills:
 - Level 0.1 Fighting
 * Level 7.5 Short Blades
 - Level 2.1 Dodging
 + Level 10.1 Stealth
 - Level 1.5 Spellcasting
 - Level 3.4 Hexes


You had one spell level left.
You knew the following spells:

 Your Spells              Type           Power        Failure   Level  Hunger
a - Corona                Hex            ###....      8%          1    ##.....
b - Ensorcelled Hibernat  Hex/Ice        ##....       17%         2    ###....
c - Confuse               Hex            ###.....     17%         3    ####...
d - Tukima's Dance        Hex            ###.....     17%         3    ####...


Dungeon Overview and Level Annotations

Branches:
Dungeon (5/15)
 Temple: D:4-7

Altars:
Elyvilon
Sif Muna
Zin


Innate Abilities, Weirdness & Mutations

You are small and have problems with some larger weapons.
You are somewhat resistant to further mutation.


Message History

Casting: Ensorcelled Hibernation
Confirm with . or Enter, or press ? or * to list all spells.
You don't know that spell.
Unknown command.
Casting: Ensorcelled Hibernation
Confirm with . or Enter, or press ? or * to list all spells.
Aiming: Confuse
Press: ? - help, Shift-Dir - straight line, f - centaur
Aim: a centaur, wielding a shortbow (chance to defeat MR: 49%)
You feel a surge of power!
The centaur resists with some effort.
The centaur shoots an arrow.
The arrow hits you!
* * * LOW HITPOINT WARNING * * *
Casting: Confuse
Confirm with . or Enter, or press ? or * to list all spells.
Aiming: Confuse
Press: ? - help, Shift-Dir - straight line, f/p - centaur
Aim: a centaur, wielding a shortbow (chance to defeat MR: 49%)
You feel a surge of power!
The centaur resists with some effort.
The centaur shoots an arrow.
The arrow hits you.
You die...

......#####...##
##........## #..####
###..## #..........## ..##
###.####...........## .##
##.##.............# ##
##...............# ##
#############......... .#
###...........#####...#.
....
.................8######
..##
.......@(.........#..###
.##
...c#########.....#....# .#
.####.......###..##..... .
###...............#...... .
#.......(8(.......#......
#........[......###......
##..###.......####........
#.....#########รท.........#
#......................###


You could see a centaur.

Vanquished Creatures
  Pikel (D:4)
  Sigmund (D:3)
  4 slaves (D:4)
  A sky beast (D:5)
  An ogre (D:4)
  A scorpion (D:5)
  A howler monkey (D:4)
  A giant frog skeleton (D:5)
  2 hounds (D:5)
  A jelly (D:5)
  A gnoll shaman (D:4)
  4 worker ants
  2 worker ant zombies (D:5)
  A howler monkey skeleton (D:5)
  5 adders
  A shadow imp (D:5)
  2 oozes
  An adder zombie (D:5)
  An adder skeleton (D:4)
  6 worms
  4 dart slugs
  3 giant geckos
  3 orcs (D:4)
  2 ball pythons
  8 bats
  9 giant cockroaches
  3 goblins
  6 hobgoblins
  4 jackals
  A quokka (D:2)
  5 giant newts
  9 kobolds
  8 rats
103 creatures vanquished.

Vanquished Creatures (collateral kills)
  A giant newt (D:4)
1 creature vanquished.

Vanquished Creatures (others)
  A dancing weapon (D:4)
1 creature vanquished.

Grand Total: 105 creatures vanquished

Notes
Turn   | Place    | Note
--------------------------------------------------------------
     0 | D:1      | Wallaby3 the Halfling Enchanter began the quest for the Orb.
     0 | D:1      | Reached XP level 1. HP: 11/11 MP: 3/3
     3 | D:1      | Noticed an electric eel
     3 | D:1      | Noticed an electric eel
   219 | D:1      | Reached XP level 2. HP: 17/17 MP: 4/4
   642 | D:1      | Reached XP level 3. HP: 12/21 MP: 5/5
   789 | D:1      | Reached skill level 4 in Stealth
  1104 | D:1      | Learned a level 2 spell: Ensorcelled Hibernation
  1264 | D:2      | Reached XP level 4. HP: 27/27 MP: 3/6
  1595 | D:2      | Found a glowing silver altar of Zin.
  1732 | D:2      | Reached skill level 5 in Stealth
  1788 | D:3      | Noticed Sigmund
  2038 | D:3      | Learned a level 3 spell: Confuse
  2106 | D:3      | Reached XP level 5. HP: 31/31 MP: 7/7
  2668 | D:3      | Killed Sigmund
  2668 | D:3      | Reached skill level 6 in Stealth
  2668 | D:3      | Reached XP level 6. HP: 16/36 MP: 2/8
  2971 | D:3      | Found a white marble altar of Elyvilon.
  3180 | D:4      | Noticed an ogre
  3188 | D:4      | Killed an ogre
  3188 | D:4      | Reached skill level 7 in Stealth
  3209 | D:4      | Reached XP level 7. HP: 39/41 MP: 9/9
  3284 | D:4      | Learned a level 3 spell: Tukima's Dance
  3375 | D:4      | Noticed Pikel
  3724 | D:4      | Killed Pikel
  3724 | D:4      | Reached skill level 5 in Short Blades
  3724 | D:4      | Reached skill level 9 in Stealth
  3724 | D:4      | Reached XP level 8. HP: 31/46 MP: 10/10
  4662 | D:4      | Found a deep blue altar of Sif Muna.
  5006 | D:5      | Entered Level 5 of the Dungeon
  5385 | D:5      | Reached skill level 10 in Stealth
  5571 | D:5      | HP: 2/46 [centaur/arrow (11)]
  5572 | D:5      | Shot with an arrow by a centaur

Vault maps used:
D:1:      arrival_aquarium_b, hangedman_abyss_or_decor_lesser_grid,
          serial_bayou_lagoon_a, st_stairs_3
D:2:      zin_treasury, first_bread
D:3:      lemuel_coloured_pillars_altar, uniq_sigmund
D:4:      lemuel_round_altar, uniq_pikel
D:5:      kennysheep_spiral_hall, fedhas_altar_2

Skill      XL: |  1  2  3  4  5  6  7  8 |
---------------+-------------------------+-----
Hexes          | 3 |  3.4
Stealth        | 4 5 6 7 9 10 | 10.1
Short Blades   | 2 3 4 5 7 |  7.5
Fighting       | |  0.1
Dodging        | |  2.1
Spellcasting   | |  1.5

Action                   |  1- 3 |  4- 6 |  7- 9 || total
-------------------------+-------+-------+-------++-------
Melee: Dagger            |    80 |       |       ||    80
       Short sword       |    42 |   106 |   138 ||   286
Throw: Tomahawk          |     4 |     7 |       ||    11
 Cast: Corona            |     3 |     1 |       ||     4
       Ensorcelled Hiber |     1 |     3 |    20 ||    24
       Confuse           |       |     2 |    10 ||    12
       Tukima's Dance    |       |       |     1 ||     1
  Use: Scroll            |       |       |     5 ||     5
 Stab: Sleeping          |     3 |    11 |    25 ||    39
       Distracted        |     1 |       |       ||     1
       Confused          |       |     2 |     6 ||     8
  Eat: Chunk             |     1 |     7 |     3 ||    11
       Bread ration      |       |       |     2 ||     2
